 Dungeon Crawl Stone Soup version 0.26-a0-53-g45f243fec8 (webtiles) character file.

Game seed: 15357372167775627276

106731 Gargoyl the Envoy of Void (level 15, -6/125 HPs)
             Began as a Centaur Abyssal Knight on June 7, 2020.
             Was a High Priest of Lugonu.
             Mangled by an orc warrior
             ... wielding a +0 glaive
              (23 damage)
             ... on level 2 of the Orcish Mines.
             The game lasted 00:45:05 (36347 turns).

Gargoyl the Envoy of Void (Centaur Abyssal Knight) Turns: 36347, Time: 00:45:05

Health: -6/125     AC: 23    Str: 27    XL:     15   Next: 98%
Magic:  23/23      EV:  8    Int: 13    God:    Lugonu [*****.]
Gold:   1956       SH: 10    Dex: 11    Spells: 14/14 levels left

rFire    + . .     SeeInvis +   d - +3 hand axe (elec)
rCold    . . .     Gourm    .   O - +1 kite shield {AC+3}
rNeg     . . .     Faith    .   B - +3 chain mail {rF+}
rPois    +         Spirit   .   t - +2 helmet {SInv}
rElec    .         Reflect  .   e - +1 cloak
rCorr    .         Harm     .   (no gloves)
MR       +....                  (no barding)
Stlth    ..........             k - amulet of the acrobat
HPRegen  0.30/turn              b - +6 ring of strength
MPRegen  0.18/turn              L - ring of poison resistance

@: very quick
A: large, hooves 3, clever 1, deformed body, speed 2, strong 1, tough skin 3
a: Depart the Abyss, Bend Space, Banish, Corrupt, Enter the Abyss, Renounce
Religion


You were on level 2 of the Orcish Mines.
You worshipped Lugonu.
Lugonu was extremely pleased with you.
You were not hungry.

You visited 4 branches of the dungeon, and saw 23 of its levels.
You visited the Abyss 2 times.
You also visited: Gauntlet and Volcano.

You collected 2557 gold pieces.
You spent 601 gold pieces at shops.

Inventory:

Hand Weapons
 a - a +2 hand axe of flaming
 d - a +3 hand axe of electrocution (weapon)
 w - the +8 flail "Spiderslayer" {elec, +Fly Int+2}
   (You found it on level 9 of the Dungeon)

   Occasionally, upon striking a foe, it will discharge some electrical energy
   and cause terrible harm.
   It affects your intelligence (+2).
   It lets you fly.
Missiles
 g - 13 silver boomerangs
 n - 12 silver javelins (quivered)
Armour
 e - a +1 cloak (worn)
 t - a +2 helmet of see invisible (worn)
 B - a +3 chain mail of fire resistance (worn)
 O - a +1 kite shield of protection (worn)
Jewellery
 b - a +6 ring of strength (left hand)
 k - an amulet of the acrobat (around neck)
 A - an uncursed ring of positive energy
 L - a ring of poison resistance (right hand)
 Q - the ring of the Vendetta {rF+ MR+}
   (You bought it in a shop on level 12 of the Dungeon)

   [ring of protection from fire]

   It protects you from fire.
   It affects your resistance to hostile enchantments.
Wands
 l - a wand of clouds (10)
 o - a wand of enslavement (11)
 p - a wand of flame (8)
 q - a wand of iceblast (17)
 E - a wand of paralysis (8)
 F - a wand of random effects (47)
 H - a wand of polymorph (12)
 K - a wand of disintegration (10)
Scrolls
 m - 7 scrolls of teleportation
 s - 9 scrolls of remove curse
 x - 3 scrolls of fear
 y - 9 scrolls of identify
 D - 2 scrolls of brand weapon
 P - a scroll of magic mapping
 T - a scroll of fog
Potions
 f - 6 potions of curing
 i - 2 potions of flight
 j - a potion of mutation
 r - 2 potions of invisibility
 u - 3 potions of haste
 v - a potion of cancellation
 z - 2 potions of might
 C - 3 potions of brilliance
 I - a potion of ambrosia
 J - a potion of stabbing
 M - 3 potions of heal wounds
 R - 2 potions of berserk rage
 S - 2 potions of resistance
Comestibles
 c - 22 rations


   Skills:
 + Level 9.6 Fighting
 + Level 8.5(10.6) Axes
 + Level 10.2(11.4) Maces & Flails
 + Level 2.0 Throwing
 * Level 11.9 Armour
 * Level 8.3 Dodging
 + Level 2.7 Shields
 * Level 11.9 Invocations
 + Level 1.0 Evocations


You had 14 spell levels left.
You didn't know any spells.
Your spell library contained the following spells:

 Spells                   Type           Power        Failure   Level  Hunger
 Beastly Appendage        Tmut           #.....       99%         1    ##.....
 Corona                   Hex            #......      99%         1    ##.....
 Infusion                 Chrm           #...         99%         1    ##.....
 Magic Dart               Conj           #...         99%         1    ##.....
 Sandblast                Erth           #.....       99%         1    ##.....
 Passwall                 Tmut/Erth      #.......     100%        2    ###....
 Searing Ray              Conj           #.....       100%        2    ###....
 Shroud of Golubria       Chrm/Tloc      #.....       100%        2    ###....
 Slow                     Hex            #.......     100%        2    ###....
 Song of Slaying          Chrm           #.......     100%        2    ###....
 Sticks to Snakes         Tmut           #.......     100%        2    ###....
 Dazzling Flash           Conj/Hex       #.....       100%        3    ####...
 Ignite Poison            Fire/Tmut/Pois #.......     100%        3    ####...
 Inner Flame              Hex/Fire       #.......     100%        3    ####...
 Ozocubu's Armour         Chrm/Ice       #.......     100%        3    ####...
 Portal Projectile        Hex/Tloc       #.....       100%        3    ####...
 Spectral Weapon          Hex/Chrm       #.......     100%        3    ####...
 Spider Form              Tmut/Pois      #.........   100%        3    ####...
 Stone Arrow              Conj/Erth      #.....       100%        3    ####...
 Cause Fear               Hex            #.........   100%        4    #####..
 Fulminant Prism          Conj/Hex       #.........   100%        4    #####..
 Ice Form                 Ice/Tmut       #.......     100%        4    #####..
 Iskenderun's Mystic Bla  Conj/Tloc      #.......     100%        4    #####..
 Leda's Liquefaction      Hex/Erth       #.........   100%        4    #####..
 Petrify                  Tmut/Erth      #.......     100%        4    #####..
 Blade Hands              Tmut           #.........   100%        5    ######.
 Fireball                 Conj/Fire      #.........   100%        5    ######.
 Lee's Rapid Deconstruct  Erth           #.........   100%        5    ######.
 Starburst                Conj/Fire      #.........   100%        6    #######
 Ring of Flames           Chrm/Fire      #.........   100%        7    #######
 Ignition                 Fire           #.........   100%        8    #######


Dungeon Overview and Level Annotations

Branches:
Dungeon (15/15)            Temple (0/1) D:6            Lair (5/6) D:11
 Shoals (0/4) Lair:4       Spider (0/4) Lair:4          Orc (2/2) D:12
    Elf (1/3) Orc:2        Vaults (0/5) D:14         Depths (0/5) D:15
Volcano (visited)         Gauntlet (visited)
  Slime: Lair:5-6

Altars:
Cheibriados
Dithmenos
Elyvilon
Fedhas
Hepliaklqana
Kikubaaqudgha
Nemelex Xobeh
Okawaru
Uskayaw
Wu Jian
Xom
Yredelemnul
Zin
The Shining One

Shops:
D:4 *   D:7 ((=*   D:11 }   D:12 =

Portals:
Trove: D:11 (give 3 potions of resistance)

Annotations:
D:5 1 runed translucent door


Innate Abilities, Weirdness & Mutations

You have hooves in place of feet.
Armour fits poorly on your strangely shaped body.
You cover ground very quickly.
You have extremely tough skin. (AC +3)
Your mind is acute. (Int +2)
Your muscles are strong. (Str +2)


Message History

You completely miss the orc warrior. You kick the orc warrior!
The orc warrior is heavily wounded.
You hit the orc warrior but do no damage.
The orc warrior hits you with a +0 glaive!
You block the orc warrior's attack.
You completely miss the orc warrior. Your kick misses the orc warrior.
The orc warrior is heavily wounded.
Your shield and chain mail prevent you from hitting the orc warrior.
The orc warrior hits you but does no damage.
You barely miss the orc warrior.
The orc warrior is severely wounded.
You barely miss the orc warrior.
The orc warrior hits you with a +0 glaive!!
* * * LOW HITPOINT WARNING * * *
You hit the orc warrior. Your kick misses the orc warrior.
The orc warrior is almost dead.
You hit the orc warrior but do no damage.
The orc warrior closely misses you.
The orc warrior hits you with a +0 glaive!!
You die...

.............o.#(........## ##..#
......).......(.##......#.# #....
....$.........#((((.......# #...
..............(.(.#.....# #..
..............#(..(#..# #..
..............(.((..### #### #..
...............#)#.##.###≈.####..
.............#.o(................
$...........###o@))##...§........
..........####..(.)#..###≈≈≈###..
.........## ##.)..##.# #≈≈≈###..
.......### ###..#### #§≈###...
.....## #..># ######... ...#
##..## ###.... ..
##....######......
#....###.#.#......
##................


You could see 2 orc warriors.

Vanquished Creatures
  Gastronok (Lair:2)
  A minotaur (Gauntlet)
  Josephine (Orc:1)
  The ghost of Cosafiysh the Cleaver, a journeyman MiFi of Okawaru (D:14)
  7 vault guards
  7 hydras
  An alligator (Lair:5)
  A dancing weapon (Volcano)
  3 centaur warriors
  5 two-headed ogres
  4 death yaks
  5 skeletal warriors
  3 unseen horrors
  4 wizards (Volcano)
  A shadow dragon zombie (D:15)
  A necromancer (D:14)
  2 orc knights
  A phantasmal warrior (D:14)
  4 ugly things
  An orc sorcerer (Orc:2)
  2 manticores
  An oklob plant (Gauntlet)
  A black mamba (Lair:3)
  A fire giant skeleton (D:15)
  A merfolk siren (Lair:4)
  Maurice (D:11)
  5 toenail golems (Volcano)
  2 centaur zombies
  6 spiny frogs
  Maggie (D:7)
  3 gargoyles
  4 komodo dragons
  A yaktaur zombie (D:15)
  3 efreet (D:14)
  A tengu conjurer (D:14)
  2 polar bears (Lair:3)
  2 trolls
  The ghost of Sensen the Jinx, a novice SpEn of Ashenzari (D:7)
  15 slime creatures
  3 blink frogs (Lair:5)
  8 hippogriffs
  2 shadows
  5 wraiths
  34 yaks
  An ice dragon skeleton (D:15)
  A spriggan (Lair:3)
  4 wyverns
  A basilisk (D:11)
  6 vampire mosquitoes
  Menkaure (D:4)
  5 swamp worms (Lair:5)
  7 porcupines
  Duvessa (D:7)
  2 acid dragons (Gauntlet)
  10 water moccasins
  2 swamp drakes (Lair:5)
  8 ice beasts
  17 orc warriors
  3 black bears
  An eye of draining (shapeshifter) (D:15)
  2 phantoms
  4 sky beasts
  A necrophage (D:10)
  4 ogres
  3 wolves
  11 centaurs
  13 crocodiles
  2 big kobolds (D:9)
  21 bullfrogs
  Dowan (D:7)
  A wyvern skeleton (D:8)
  3 scorpions
  9 killer bees
  17 wights
  2 howler monkeys (D:7)
  4 crimson imps
  A bullfrog zombie (D:9)
  4 jellies
  A quasit (D:12)
  3 hounds
  Crazy Yiuf (D:5)
  7 bullfrog skeletons
  16 orc priests
  21 orc wizards
  4 centaur skeletons
  A gnoll shaman (D:9)
  Jessica (D:3)
  Ijyb (D:3)
  2 iguanas
  15 worker ants
  A killer bee zombie (D:6)
  2 spectral hounds (D:7)
  2 hound skeletons
  A howler monkey zombie (D:6)
  11 adders
  5 gnolls (D:9)
  5 shadow imps
  An ooze (D:1)
  An adder skeleton (D:8)
  An adder zombie (D:9)
  3 worms
  3 dart slugs
  An adder simulacrum (D:7)
  A leopard gecko (D:6)
  81 orcs
  A ball python (D:4)
  6 bats
  5 giant cockroaches
  11 hobgoblins
  17 jackals
  9 quokkas
  2 frilled lizards (D:1)
  12 goblins
  18 kobolds
  2 quokka skeletons (D:5)
  A quokka zombie (D:7)
  6 rats
  A spectral jackal (D:7)
615 creatures vanquished.

Vanquished Creatures (others)
  A hydra (Lair:4)
  A catoblepas (Gauntlet)
  A vault guard (D:14)
  An alligator (Lair:5)
  A sixfirhy (Gauntlet)
  A wizard (Volcano)
  An orc knight (D:12)
  An ugly thing (D:12)
  A gargoyle (Gauntlet)
  An ice devil (Gauntlet)
  A white imp (Gauntlet)
  4 ufetubi (Gauntlet)
  3 fungi
  A starspawn tentacle (Gauntlet)
  3 withered plants (D:15)
22 creatures vanquished.

Grand Total: 637 creatures vanquished

Notes
Turn   | Place    | Note
-------+----------+-------------------------------------------
     0 | Abyss:1  | Gargoyl the Centaur Abyssal Knight began the quest for the
                  | Orb.
     0 | Abyss:1  | Reached XP level 1. HP: 19/19 MP: 2/2
    51 | Abyss:1  | Noticed a chaos spawn
    73 | Abyss:1  | Noticed a large abomination
    91 | Abyss:1  | Noticed an ancient zyme
   166 | Abyss:2  | Noticed a small abomination
   171 | Abyss:2  | Found a snail-covered altar of Cheibriados.
   201 | D:1      | Escaped the Abyss
   344 | D:1      | Reached XP level 2. HP: 26/26 MP: 3/3
   563 | D:1      | Reached * piety under Lugonu
   572 | D:1      | Reached skill level 1 in Dodging
  1098 | D:2      | Gained mutation: You occasionally shout uncontrollably at
                  | your foes. [potion of mutation]
  1098 | D:2      | Gained mutation: Your spells are a little harder to cast,
                  | but a little more powerful. [potion of mutation]
  1098 | D:2      | Gained mutation: You have a pair of small antennae on your
                  | head. [potion of mutation]
  1101 | D:2      | Reached XP level 3. HP: 27/31 MP: 4/4
  1918 | D:2      | Reached XP level 4. HP: 37/39 MP: 5/5
  1931 | D:2      | Reached ** piety under Lugonu
  2414 | D:3      | You fall into a shaft and drop 1 floor!
  2514 | D:4      | Reached XP level 5. HP: 38/46 MP: 7/7
  2795 | D:4      | You fall into a shaft and drop 2 floors!
  2802 | D:6      | Reached XP level 6. HP: 39/52 MP: 8/8
  2945 | D:5      | Entered Level 5 of the Dungeon
  2945 | D:5      | Noticed a two-headed ogre
  3195 | D:3      | Noticed Ijyb
  3197 | D:3      | Lost mutation: Your spells are a little harder to cast, but
                  | a little more powerful. [potion of mutation]
  3197 | D:3      | Lost mutation: You have a pair of small antennae on your
                  | head. [potion of mutation]
  3197 | D:3      | Lost mutation: You occasionally shout uncontrollably at
                  | your foes. [potion of mutation]
  3197 | D:3      | Gained mutation: Your muscles are strong. (Str +2) [potion
                  | of mutation]
  3197 | D:3      | Gained mutation: Your mind is acute. (Int +2) [potion of
                  | mutation]
  3203 | D:3      | Killed Ijyb
  3644 | D:3      | Noticed Jessica
  3648 | D:3      | Killed Jessica
  4263 | D:4      | Found Lutwogh's Mass Market.
  4273 | D:4      | Reached XP level 7. HP: 58/59 MP: 9/9
  4280 | D:4      | Reached *** piety under Lugonu
  4353 | D:4      | Noticed Menkaure
  4371 | D:4      | Killed Menkaure
  5538 | D:5      | Found a shimmering altar of Xom.
  5835 | D:5      | Banished a two-headed ogre
  5835 | D:5      | Reached XP level 8. HP: 55/67 MP: 6/11
  6241 | D:5      | Found a glowing silver altar of Zin.
  6242 | D:5      | Found a runed translucent door.
  6242 | D:5      | Noticed an angel
  6300 | D:5      | Reached skill level 5 in Axes
  6320 | D:5      | Found a runed translucent door.
  6321 | D:5      | Noticed Crazy Yiuf
  6667 | D:5      | Killed Crazy Yiuf
  7168 | D:6      | Reached skill level 5 in Invocations
  7177 | D:6      | Reached skill level 5 in Armour
  7552 | D:6      | Found a staircase to the Ecumenical Temple.
  7879 | D:6      | Reached XP level 9. HP: 61/73 MP: 13/13
  8015 | D:6      | Found a blossoming altar of Fedhas.
  8172 | D:7      | Reached **** piety under Lugonu
  8181 | D:7      | Reached skill level 5 in Fighting
  8739 | D:7      | Found Risipp's Antique Weapon Emporium.
  8739 | D:7      | Noticed Maggie
  8746 | D:7      | Killed Maggie
  8757 | D:7      | Found Xogyllan's Jewellery Shoppe.
  8877 | D:7      | Found Daxaisch's Assorted Antiques.
  9088 | D:7      | Found a glowing golden altar of the Shining One.
  9098 | D:7      | Found Upetzek's Weapon Shoppe.
  9112 | D:7      | Noticed Dowan
  9123 | D:7      | Noticed Duvessa
  9136 | D:7      | Killed Duvessa
  9141 | D:7      | Reached skill level 1 in Throwing
  9144 | D:7      | Killed Dowan
  9544 | D:7      | Found a runed translucent gate.
  9544 | D:7      | Found a runed translucent gate.
  9544 | D:7      | Found a runed translucent gate.
  9544 | D:7      | Noticed Sensen's ghost (novice SpEn)
  9563 | D:7      | Killed Sensen's ghost
  9812 | D:8      | Reached XP level 10. HP: 78/81 MP: 14/14
 10139 | D:8      | Reached ***** piety under Lugonu
 10255 | D:8      | Found the +7 pair of quick blades "Gyre" and "Gimble"
                  | {protect}
 10722 | D:9      | Got a twisted flail
 10723 | D:9      | Identified the +8 flail "Spiderslayer" {elec, +Fly Int+2}
                  | (You found it on level 9 of the Dungeon)
 11448 | D:9      | Reached skill level 1 in Maces & Flails
 11661 | D:9      | Found a sparkling altar of Nemelex Xobeh.
 11667 | D:9      | Found an iron altar of Okawaru.
 11676 | D:9      | Found a snail-covered altar of Cheibriados.
 11676 | D:9      | Found a white marble altar of Elyvilon.
 11676 | D:9      | Found a shadowy altar of Dithmenos.
 11677 | D:9      | Found a hazy altar of Hepliaklqana.
 11677 | D:9      | Found an ancient bone altar of Kikubaaqudgha.
 11679 | D:9      | Found a hide-covered altar of Uskayaw.
 11681 | D:9      | Found a basalt altar of Yredelemnul.
 11860 | D:10     | Entered Level 10 of the Dungeon
 11896 | D:10     | Noticed an unseen horror
 11903 | D:10     | Killed an unseen horror
 12094 | D:10     | Found an ornate altar of the Wu Jian Council.
 13110 | D:11     | Reached XP level 11. HP: 22/91 MP: 16/16
 13435 | D:11     | Noticed Maurice
 13547 | D:11     | Killed Maurice
 13757 | D:11     | Found a staircase to the Lair.
 13771 | D:11     | Reached skill level 5 in Dodging
 13847 | D:11     | Noticed an unseen horror
 13855 | D:11     | Killed an unseen horror
 14288 | D:11     | Found a portal to a secret trove of treasure.
 14410 | D:11     | Noticed a two-headed ogre
 14417 | D:11     | Killed a two-headed ogre
 14682 | D:11     | Found Hinkobb's Gadget Shoppe.
 14860 | Lair:1   | Entered Level 1 of the Lair of Beasts
 15088 | Lair:1   | Reached skill level 5 in Maces & Flails
 15472 | Lair:1   | Noticed a seven-headed hydra
 15479 | Lair:1   | Killed a seven-headed hydra
 15755 | Lair:1   | Noticed Gastronok
 16399 | Lair:2   | Killed Gastronok
 16574 | Lair:2   | Reached XP level 12. HP: 70/100 MP: 18/18
 17894 | Lair:3   | Noticed a death yak
 17895 | Lair:3   | Noticed a death yak
 17896 | Lair:3   | Noticed a death yak
 17896 | Lair:3   | Noticed a death yak
 17898 | Lair:3   | Noticed a death yak
 17964 | Lair:2   | Killed a death yak
 17974 | Lair:2   | Killed a death yak
 19284 | Lair:3   | Reached ****** piety under Lugonu
 19334 | Lair:3   | Killed a death yak
 19665 | Lair:3   | Killed a death yak
 20483 | Lair:4   | Found a hole to the Spider Nest.
 20515 | Lair:4   | Noticed a seven-headed hydra
 20527 | Lair:4   | Killed a seven-headed hydra
 20599 | Lair:4   | Noticed a six-headed hydra
 20978 | Lair:4   | Killed a six-headed hydra
 21847 | Lair:4   | Found a staircase to the Shoals.
 21873 | Lair:4   | Reached skill level 10 in Armour
 22378 | Lair:5   | Reached XP level 13. HP: 107/107 MP: 19/19
 23090 | Lair:5   | HP: 4/107 [alligator (5)]
 24729 | D:12     | HP: 4/108 [cyan ugly thing (15)]
 24785 | D:12     | Found a gate leading to a gauntlet.
 24792 | Gauntlet | Entered a Gauntlet
 24792 | Gauntlet | Found a transporter.
 25128 | Gauntlet | Found a transporter.
 25130 | Gauntlet | Found a transporter.
 25148 | Gauntlet | Found a transporter.
 25150 | Gauntlet | Corrupted Gauntlet
 25150 | Gauntlet | Noticed a starcursed mass
 25150 | Gauntlet | Noticed a green draconian shifter
 25150 | Gauntlet | Noticed a starcursed mass
 25154 | Gauntlet | Noticed a tentacled starspawn
 25158 | Gauntlet | Noticed a starcursed mass
 25217 | Gauntlet | Found a transporter.
 25228 | Gauntlet | Noticed a blizzard demon
 25237 | Gauntlet | Found a transporter.
 25243 | Gauntlet | Found a transporter.
 25264 | Gauntlet | Found a transporter.
 25266 | Gauntlet | Got a glimmering whip
 25285 | Gauntlet | Found a transporter.
 25286 | Gauntlet | Noticed a death ooze
 25287 | Gauntlet | Found a transporter.
 25344 | Abyss:1  | Noticed a shadow dragon
 25359 | Abyss:1  | Noticed a lorocyproca
 25372 | Gauntlet | Escaped the Abyss
 25379 | Gauntlet | Found a transporter.
 25404 | Gauntlet | Noticed a minotaur
 25493 | Gauntlet | Killed a minotaur
 25493 | Gauntlet | Reached skill level 10 in Invocations
 25545 | Gauntlet | Got an encrusted ring mail
 25823 | D:12     | Identified the +0 ring mail of the Orcish Mines {MR+ Int+3
                  | Dex+4} (You found it in a Gauntlet)
 25864 | D:12     | Identified the +8 whip of the Jumping Badger {speed,
                  | Stlth+} (You found it in a Gauntlet)
 25942 | D:12     | HP: 4/108 [two-headed ogre/+0 giant club (16)]
 25978 | D:12     | HP: 1/108 [two-headed ogre/+0 giant club (10)]
 26557 | D:12     | Found Anauzaud's Jewellery Boutique.
 26571 | D:12     | Bought the ring of the Vendetta {rF+ MR+} for 601 gold
                  | pieces
 26740 | D:12     | Found a staircase to the Orcish Mines.
 28388 | D:14     | Noticed Cosafiysh's ghost (journeyman MiFi)
 28457 | D:14     | Found a runed translucent door.
 28849 | D:14     | Reached XP level 14. HP: 106/116 MP: 22/22
 28955 | D:14     | Found a shadowy altar of Dithmenos.
 29389 | D:14     | Killed Cosafiysh's ghost
 29389 | D:14     | Reached skill level 1 in Shields
 29690 | D:14     | Found a gate to the Vaults.
 30706 | D:15     | Entered Level 15 of the Dungeon
 30985 | D:15     | Identified the +4 flail of Gallantry {freeze, *Corrode rN+
                  | Str+3}
 32630 | D:15     | Found a staircase to the Depths.
 34415 | Orc:1    | Entered Level 1 of the Orcish Mines
 34926 | Orc:1    | Noticed Josephine
 34932 | Orc:1    | Killed Josephine
 35107 | Orc:1    | Reached skill level 10 in Maces & Flails
 35107 | Orc:1    | Reached skill level 1 in Evocations
 35107 | Orc:1    | Reached XP level 15. HP: 125/125 MP: 23/23
 35204 | Orc:2    | Entered Level 2 of the Orcish Mines
 35204 | Orc:2    | Found a staircase to the Elven Halls.
 35222 | Orc:2    | Found a dark tunnel.
 35245 | Volcano  | Entered a volcano
 36050 | Elf:1    | Entered Level 1 of the Elven Halls
 36347 | Orc:2    | Mangled by an orc warrior

Illustrated notes

Levels and vault maps discovered:
D:1:      nzn_arrival_crosshair, layout_basic
D:2:      minmay_general_purpose_star, layout_basic
D:3:      layout_loops_ring, first_ration, kennysheep_doodads, uniq_jessica,
          uniq_ijyb
D:4:      layout_basic, serial_curves, eino_curves_03, eino_curves_01,
          minmay_shop_mass, roderic_lattice_a, minmay_hedge_maze, uniq_menkaure
D:5:      layout_loops_ring, lemuel_round_altar, lemuel_angel_altar,
          uniq_crazy_yiuf_cottage
D:6:      layout_basic, fedhas_altar_2, minmay_temple_entry_junction_2
D:7:      layout_loops_cross, old_standard_altar, serial_shops,
          nicolae_shop_overgrown_old_shop, nicolae_shop_behind_doors, shop,
          shop, gammafunk_ghost_necromancy, uniq_duvessa, uniq_maggie
D:8:      layout_basic
D:9:      layout_long_grid, minitemple
D:10:     layout_basic, lemuel_altar_in_water
D:11:     layout_loops_cross, david_lair_generic, serial_shops,
          kennysheep_little_box, enter_trove_6, grunt_ogre_cave, uniq_maurice
D:12:     layout_roguey, orc_0_dummy, gauntlet_entry_generic, serial_shops,
          nicolae_shop_stone
D:13:     layout_roguey
D:14:     layout_long_grid, erik_vaults_2, grunt_dithmenos_shadows,
          hellmonk_ghost_happy_afterlife
D:15:     gammafunk_depths_entry_grave, layout_layer_cave,
          hangedman_abyss_or_decor_stagger
Lair:1:   layout_loops_ring, serial_bayou_lagoon_a, uniq_gastronok
Lair:2:   layout_cave_pods
Lair:3:   layout_gridlike, grunt_forest_stairs_clearing
Lair:4:   layout_gridlike, minmay_shoals_entry_lonely_mermaid,
          spider_nest_entry_web_field, chequers_serial_rivers_small_b,
          cheibrodos_lair_caveside_slide
Lair:5:   onia_ninara_swampy_vault, layout_cave_pods
Orc:1:    layout_diamond_mine, uniq_fannar, uniq_josephine
Orc:2:    grunt_orc_tribal_feast, layout_caves, nicolae_volcano_entry_hallway,
          rock_pile
Elf:1:    layout_gridlike, hangedman_elf_represent, minmay_misc_feat_columns,
          palyth_stone_intersect, wad_floor_pattern_1, minmay_misc_feat_five

Skill      XL: |  1  2  3  4  5  6  7  8  9 10 11 12 13 14 |
---------------+-------------------------------------------+-----
Axes           | 2 3 4 5 7 8 |  8.5
Dodging        | 1 2 3 4 5 6 7 8 |  8.3
Armour         | 2 3 4 5 6 7 8 10 11 | 11.9
Invocations    | 3 4 5 6 7 8 9 10 11 | 11.9
Fighting       | 4 5 6 7 8 9 |  9.6
Throwing       | 1 2 |  2.0
Maces & Flails | 3 6 7 8 10 | 10.2
Shields        | 2 |  2.7
Evocations     | 1 |  1.0

Action                   |  1- 3 |  4- 6 |  7- 9 | 10-12 | 13-15 || total
-------------------------+-------+-------+-------+-------+-------++-------
Melee: Hand axe          |    99 |   111 |   313 |   114 |   156 ||   793
       Kick              |    14 |    34 |    98 |   187 |   315 ||   648
       Flail             |       |       |       |   501 |   729 ||  1230
Throw: Boomerang         |       |       |     3 |     5 |     4 ||    12
       Javelin           |       |       |       |       |     3 ||     3
Invok: Depart the Abyss  |     1 |       |       |       |     1 ||     2
       Banish            |       |       |     2 |       |    10 ||    12
       Bend Space        |       |       |       |     1 |     1 ||     2
       Corrupt           |       |       |       |       |     1 ||     1
       Enter the Abyss   |       |       |       |       |     1 ||     1
  Use: Scroll            |     2 |     6 |     7 |    17 |     6 ||    38
       Potion            |     2 |     1 |     5 |     1 |     9 ||    18
 Stab: Invisible         |       |       |       |     1 |       ||     1
       Confused          |       |       |       |       |     2 ||     2
  Eat: Chunk             |     2 |     6 |    13 |    24 |    21 ||    66
       Ration            |       |       |     1 |     3 |     7 ||    11
Armor: Leather armour    |     4 |       |       |       |       ||     4
       Ring mail         |    22 |       |       |       |       ||    22
       Plate armour      |    53 |    86 |   197 |   443 |   106 ||   885
       Skin              |       |       |     9 |       |       ||     9
       Chain mail        |       |       |       |       |   360 ||   360
Dodge: Dodged            |    41 |    23 |    99 |   304 |   304 ||   771
Block: Kite shield       |       |       |       |       |   294 ||   294

Table legend:
 A = Non-vault XP
 B = Vault XP
 C = Vault XP percentage of total XP
 D = Non-vault monster count
 E = Vault monster count
 F = Vault count percentage of total count
                 A         B        C        D         E       F
            +---------+---------+-------+---------+---------+-------
      Total |   69226 |   34973 |  33.6 |     532 |      88 |  14.2
            +---------+---------+-------+---------+---------+-------
        D:1 |      38 |       0 |   0.0 |      19 |       0 |   0.0
        D:2 |      64 |      17 |  21.0 |      26 |       3 |  10.3
        D:3 |     119 |      73 |  38.0 |      18 |       2 |  10.0
        D:4 |     534 |     172 |  24.4 |      35 |       1 |   2.8
        D:5 |     784 |      42 |   5.1 |      11 |       1 |   8.3
        D:6 |    1112 |       0 |   0.0 |      32 |       0 |   0.0
        D:7 |    1475 |     963 |  39.5 |      30 |       8 |  21.1
        D:8 |    1113 |       0 |   0.0 |      25 |       0 |   0.0
        D:9 |    1640 |       0 |   0.0 |      38 |       0 |   0.0
       D:10 |    2836 |       0 |   0.0 |      28 |       0 |   0.0
       D:11 |    3045 |    1555 |  33.8 |      26 |       6 |  18.8
       D:12 |    7555 |       0 |   0.0 |      38 |       0 |   0.0
       D:13 |    5049 |    1002 |  16.6 |      23 |       1 |   4.2
       D:14 |    9750 |    9650 |  49.7 |      37 |      12 |  24.5
       D:15 |    9399 |    2492 |  21.0 |      29 |       5 |  14.7
     Lair:1 |    3277 |       0 |   0.0 |      15 |       0 |   0.0
     Lair:2 |    5324 |    2340 |  30.5 |      20 |       2 |   9.1
     Lair:3 |    4480 |     901 |  16.7 |      13 |       5 |  27.8
     Lair:4 |    4618 |    1355 |  22.7 |      16 |       2 |  11.1
     Lair:5 |    5176 |    3761 |  42.1 |      19 |      10 |  34.5
      Orc:1 |     617 |    1671 |  73.0 |      12 |       4 |  25.0
      Orc:2 |    1221 |     920 |  43.0 |      22 |      12 |  35.3
    Volcano |       0 |    5958 | 100.0 |       0 |      10 | 100.0
   Gauntlet |       0 |    2101 | 100.0 |       0 |       4 | 100.0
            +---------+---------+-------+---------+---------+-------
